 Dungeon Crawl Stone Soup version 0.27-a0-1188-g73eefd5def (webtiles) character file.

Game seed: 18052806281705003649

3520 karkarkar the Protected (level 9, -2/82 HPs)
             Began as a Minotaur Berserker on May 20, 2021.
             Was an Elder of Trog.
             Splashed by an orc's acid (7 damage)
             ... on level 7 of the Dungeon.
             The game lasted 00:17:50 (8034 turns).

karkarkar the Protected (Minotaur Berserker)        Turns: 8034, Time: 00:17:51

Health: -2/82      AC:  6    Str: 25    XL:     9   Next: 81%
Magic:  8/8        EV:  9    Int:  4    God:    Trog [****..]
Gold:   414        SH:  0    Dex: 18    Spells: 8/8 levels left

rFire    . . .     SeeInvis .   f - +1 falchion of Amortisation {vorpal, rN+ Will+ Str+2}
rCold    . . .     Faith    .   (no shield)
rNeg     + . .     Spirit   .   c - +0 plate armour
rPois    .         Reflect  .   (helmet restricted)
rElec    .         Harm     .   (no cloak)
rCorr    .         Rampage  .   (no gloves)
Will     +....                  (no boots)
Stlth    ..........             (no amulet)
HPRegen  0.23/turn              E - +6 ring of dexterity
MPRegen  0.11/turn              B - +4 ring of protection

@: corroded, on berserk cooldown, slowed, very slow
A: horns 2, retaliatory headbutt
a: Renounce Religion, Berserk, Trog's Hand, Brothers in Arms


You were on level 7 of the Dungeon.
You worshipped Trog.
Trog was greatly pleased with you.
You visited 1 branch of the dungeon, and saw 7 of its levels.

You collected 414 gold pieces.

Inventory:

Hand Weapons
 f - the +1 falchion of Amortisation (weapon) {vorpal, rN+ Will+ Str+2}
   (You took it off a goblin on level 4 of the Dungeon)

   It inflicts extra damage upon your enemies.
   It affects your strength (+2).
   It protects you from negative energy.
   It increases your willpower.
 u - a +2 flail of draining
 v - a +3 whip of freezing
 F - a +1 trident of flaming
Missiles
 n - 48 poisoned darts
 x - a throwing net
 z - 4 curare-tipped darts (quivered)
Armour
 c - a +0 plate armour (worn)
 y - +0 acid dragon scales
Jewellery
 A - a ring of see invisible
 B - a +4 ring of protection (right hand)
 E - a +6 ring of dexterity (left hand)
Wands
 g - a wand of polymorph (6)
 t - a wand of iceblast (22)
 D - a wand of flame (31)
Scrolls
 d - a scroll of immolation
 h - a scroll of teleportation
 l - a scroll of enchant armour
 m - a scroll of noise {unknown}
 p - a scroll of fear {unknown}
 r - 4 scrolls of fog
Potions
 b - a potion of resistance
 e - a potion of ambrosia
 i - a potion of lignification
 j - 2 potions of curing
 k - 3 potions of heal wounds
 o - a potion of invisibility
 q - a potion of magic {unknown}
 s - a potion of flight
 w - a potion of haste {unknown}
 C - a potion of cancellation {unknown}


   Skills:
 + Level 8.7 Fighting
 + Level 8.5 Long Blades
 + Level 6.6 Axes
 + Level 1.1 Throwing
 + Level 10.6 Armour
 + Level 2.5 Dodging
 + Level 0.5 Stealth


You had 8 spell levels left.
You didn't know any spells.
Your spell library was empty.

Dungeon Overview and Level Annotations

Branches:
Dungeon (7/15)             Temple (0/1) D:4

Altars:
Dithmenos
Hepliaklqana
Makhleb
Nemelex Xobeh
Sif Muna
Uskayaw

Shops:
D:7 *


Innate Abilities, Weirdness & Mutations

You have a pair of horns on your head.
You reflexively headbutt those who attack you in melee.


Message History

Trog accepts your kill.
The ice beast hits you but does no damage.
You slash the ice beast! You headbutt the ice beast!
The ice beast is almost dead.
You hit the ice beast.
You kill the ice beast!
Trog accepts your kill. The kobold hits you but does no damage.
The orc hits you but does no damage.
The orc zaps a wand.
The bolt of acid hits you but does no damage.
The acid corrodes you!
You are splashed with acid!
You slash the orc!
You kill the orc!
Trog accepts your kill. The kobold closely misses you.
The orc hits you but does no damage.
You hit the kobold.
The kobold is severely wounded.
You slash the kobold!
You kill the kobold!
Trog accepts your kill.
The orc zaps a wand.
The bolt of acid hits you! The acid corrodes you!
You are splashed with acid!
* * * LOW HITPOINT WARNING * * *
You are too injured to fight recklessly!
You are too injured to fight recklessly!
You are too injured to fight recklessly!
You are too injured to fight recklessly!
Unknown command.
You see here a +0 short sword.
You feel a strong urge to attack something.
You are no longer berserk.
You are exhausted.
You feel yourself slow down.
You see here a +0 short sword.
The orc closely misses you. You furiously retaliate!
You headbutt the orc, but do no damage.
The orc zaps a wand.
The bolt of acid hits you!!
* * * LOW HITPOINT WARNING * * *
The acid corrodes you!
You are splashed with acid!
You die...

###.......# #..
#...#.#.#####..
##
#.......#...#.#
.#
#####..##.#.#.#
.# ##.##.#.#.#
.# #....#.#.#
......
#..###.#.#
...... ##.#
#.o)# # ......
#.. ###@#.#
......
##.##.))o.#
.#####
..#.....# .#
#.#......# .#
.#....#.#
.....#'#
#...... .
.........#
..).......


You could see 2 orcs.

Vanquished Creatures
  Maggie (D:6)
  A troll (D:7)
  A hornet (D:7)
  A wyvern (D:6)
  A steam dragon (D:6)
  Edmund (D:5)
  Duvessa (D:6)
  A water moccasin (D:6)
  3 orc warriors (D:7)
  2 ice beasts
  3 necrophages
  3 ogres
  A kobold brigand (D:7)
  A gnoll sergeant (D:4)
  A scorpion (D:5)
  Dowan (D:6)
  A water moccasin skeleton (D:5)
  A howler monkey (D:6)
  3 jellies
  Crazy Yiuf (D:6)
  An orc priest (D:7)
  A hound (D:6)
  A centaur skeleton (D:5)
  4 iguanas
  Natasha (thrice) (D:4)
  5 orc wizards (D:7)
  Robin (D:4)
  18 gnolls
  7 adders
  A shadow imp (D:7)
  4 white imps
  An adder skeleton (D:4)
  5 worms
  A dart slug (D:5)
  11 orcs
  7 bats
  4 endoplasms
  5 giant cockroaches
  11 goblins
  11 hobgoblins
  3 jackals (D:1)
  10 kobolds
  4 quokkas
  8 ball pythons
  5 frilled lizards
  7 rats
168 creatures vanquished.

Notes
Turn   | Place    | Note
-------+----------+-------------------------------------------
     0 | D:1      | karkarkar the Minotaur Berserker began the quest for the
                  | Orb.
     0 | D:1      | Reached XP level 1. HP: 19/19 MP: 0/0
   639 | D:1      | Upgraded the game from 0.27-a0-1186-g8b4daa1eef to
                  | 0.27-a0-1188-g73eefd5def
   649 | D:1      | Reached XP level 2. HP: 27/27 MP: 1/1
  1341 | D:1      | Reached ** piety under Trog
  1366 | D:2      | Reached XP level 3. HP: 33/33 MP: 2/2
  1872 | D:2      | Reached XP level 4. HP: 41/41 MP: 3/3
  2272 | D:3      | Reached skill level 3 in Armour
  2412 | D:3      | Reached skill level 5 in Axes
  2922 | D:4      | Found a burning altar of Makhleb.
  2948 | D:4      | Noticed Natasha
  2959 | D:4      | Killed Natasha
  2959 | D:4      | Reached *** piety under Trog
  2960 | D:4      | Reached skill level 5 in Fighting
  2960 | D:4      | Reached XP level 5. HP: 34/48 MP: 4/4
  2976 | D:4      | Noticed Natasha
  3003 | D:4      | Killed Natasha
  3004 | D:4      | Reached skill level 4 in Armour
  3095 | D:4      | Noticed Natasha
  3105 | D:4      | Killed Natasha
  3162 | D:4      | Found a staircase to the Ecumenical Temple.
  3167 | D:4      | Noticed Robin
  3185 | D:4      | Identified the +1 falchion of Amortisation {vorpal, rN+
                  | Will+ Str+2}
  3187 | D:4      | Killed Robin
  3194 | D:4      | Noticed a necrophage
  3232 | D:4      | Killed a necrophage
  3233 | D:4      | Reached XP level 6. HP: 22/53 MP: 5/5
  3489 | D:4      | Noticed a +4 hand axe
  3489 | D:4      | Noticed a +0 hand axe
  3490 | D:4      | Found a hide-covered altar of Uskayaw.
  3529 | D:4      | Found a shadowy altar of Dithmenos.
  4145 | D:5      | Entered Level 5 of the Dungeon
  4225 | D:5      | Reached skill level 1 in Long Blades
  4676 | D:5      | Reached skill level 5 in Armour
  4676 | D:5      | Reached XP level 7. HP: 63/63 MP: 6/6
  4723 | D:5      | Noticed Edmund
  4731 | D:5      | Killed Edmund
  4821 | D:5      | Reached skill level 6 in Armour
  5030 | D:5      | Reached XP level 8. HP: 73/73 MP: 7/7
  5951 | D:6      | Reached **** piety under Trog
  5952 | D:6      | Reached skill level 7 in Armour
  6041 | D:6      | Noticed Maggie
  6065 | D:6      | Killed Maggie
  6066 | D:6      | Reached skill level 5 in Long Blades
  6066 | D:6      | Reached skill level 1 in Throwing
  6176 | D:6      | Reached skill level 8 in Armour
  6303 | D:6      | Reached XP level 9. HP: 49/81 MP: 8/8
  6643 | D:6      | Found a runed translucent door.
  6644 | D:6      | Noticed Crazy Yiuf
  6651 | D:6      | Killed Crazy Yiuf
  6681 | D:6      | Found a hazy altar of Hepliaklqana.
  6767 | D:6      | Found a shimmering blue altar of Sif Muna.
  7094 | D:6      | Reached skill level 9 in Armour
  7126 | D:6      | Noticed Duvessa
  7126 | D:6      | Noticed Dowan
  7134 | D:6      | Killed Duvessa
  7137 | D:6      | Killed Dowan
  7348 | D:7      | Noticed a troll
  7357 | D:7      | Killed a troll
  7499 | D:7      | Found a sparkling altar of Nemelex Xobeh.
  7531 | D:7      | Paralysed by a hornet for 1 turns
  7546 | D:7      | Reached skill level 10 in Armour
  7792 | D:7      | Found Utzyu's Lightly-Used Armoury.
  8034 | D:7      | Splashed by an orc's acid

Illustrated notes

Levels and vault maps discovered:
D:1:      dpeg_arrival_short_road, layout_basic, minmay_tree_intersection,
          solitary_fountain, minmay_tromino_i2
D:2:      layout_loops_cross, moated_statue
D:3:      minmay_bubble_buster, layout_basic, kennysheep_doodads, minmay_cut_off
D:4:      layout_cave_pools, general_overflow_altar,
          nicolae_dithmenos_the_darkroom, dancing_weapons_uskayaw,
          minmay_temple_entry_large_hall, uniq_robin, uniq_natasha
D:5:      wander_river, layout_basic, grunt_ministairs_11, uniq_edmund
D:6:      layout_basic, led_sif_pool, kennysheep_mini_moat,
          kennysheep_generic_room_15, uniq_duvessa, uniq_maggie,
          uniq_crazy_yiuf_cottage
D:7:      layout_basic, nemelex_xobeh_ov_fountains_minmay, minmay_shop_damaged

Skill      XL: |  1  2  3  4  5  6  7  8  9 |
---------------+----------------------------+-----
Axes           | 4 5 6 |  6.6
Fighting       | 4 5 6 7 8 |  8.7
Armour         | 3 4 5 6 8 10 | 10.6
Long Blades    | 1 3 6 8 |  8.5
Throwing       | 1 |  1.1
Dodging        | |  2.5
Stealth        | |  0.5

Action                   |  1- 3 |  4- 6 |  7- 9 || total
-------------------------+-------+-------+-------++-------
Melee: Hand axe          |   107 |   120 |       ||   227
       Headbutt          |     9 |    30 |    64 ||   103
       Falchion          |       |    47 |   230 ||   277
Throw: Dart              |       |     3 |     5 ||     8
Invok: Berserk           |       |     3 |     7 ||    10
       Trog's Hand       |       |     2 |     3 ||     5
  Use: Potion            |       |     5 |     2 ||     7
       Scroll            |       |     2 |     4 ||     6
Armor: Animal skin       |    10 |       |       ||    10
       Plate armour      |    53 |   103 |   141 ||   297
Dodge: Dodged            |    39 |    48 |    87 ||   174
       Rpst.: Falchion   |       |     2 |    18 ||    20

Table legend: (Time is in decaauts)
 A = Elapsed time spent in this place.
 B = Non-inter-level travel time spent in this place.
 C = Inter-level travel time spent in this place.
 D = Time resting spent in this place.
 E = Time spent auto-exploring this place.
 F = Levels seen in this place.
 G = Mean time per level.
                   A        B        C        D        E       F      G
               +--------+--------+--------+--------+--------+-----+--------+
         Total |   8161 |   8067 |     94 |   1554 |   4985 |   7 | 1165.9 |
       Dungeon |   8161 |   8067 |     94 |   1554 |   4985 |   7 | 1165.9 |
               +--------+--------+--------+--------+--------+-----+--------+

Top non-repeatable levels by time:
     D:5: 1826 daAuts
     D:6: 1435 daAuts
     D:1: 1366 daAuts
     D:4: 1294 daAuts
     D:3: 820 daAuts
     D:2: 721 daAuts
     D:7: 698 daAuts
